 Dungeon Crawl Stone Soup version 0.31-a0-182-gc5ef74bbde (webtiles) character file.

Game seed: 11315619837464975327

115325 qw the Severer (level 16, -4/106 HPs)
             Began as a Gargoyle Fighter on June 20, 2023.
             Was a Priest of Okawaru.
             Slain by an alligator (7 damage)
             ... on level 1 of the Swamp.
             The game lasted 00:14:18 (23314 turns).

qw the Severer (Gargoyle Fighter)                  Turns: 23314, Time: 00:14:18

Health: -4/106     AC: 42    Str: 35    XL:     16   Next: 68%
Magic:  23/23      EV: 16    Int:  8    God:    Okawaru [***...]
Gold:   1187       SH: 15    Dex:  9    Spells: 15/15 levels left

rFire   . . .        Y - +2 broad axe (heavy)
rCold   + . .        a - +3 warlock's mirror {omnireflect}
rNeg    + . .        u - +3 plate armour {rC+}
rPois   inf          k - +2 helmet
rElec   +            B - +1 cloak
rCorr   .            s - +2 pair of gloves
SInv    .            r - +1 pair of boots of the Soldier {+Inv}
Will    +....        l - amulet of reflection Stlth
                     A - +6 ring of strength
HPRegen 0.37/turn    t - +5 ring of evasion
MPRegen 0.18/turn

%: reflection
@: about to teleport, heroic, corroded, flying
A: sickness immunity, AC +12, big wings, negative energy resistance 1,
electricity resistance, torment resistance 1, petrification resistance
a: Renounce Religion, Evoke Invisibility, Heroism


You were on level 1 of the Swamp.
You worshipped Okawaru.
Okawaru was most pleased with you.
You visited 5 branches of the dungeon, and saw 24 of its levels.

You collected 3235 gold pieces.
You spent 2048 gold pieces at shops.


Innate Abilities, Weirdness & Mutations

You are immune to sickness and miasma.
Your stone body is resilient. (AC +12)
You are immune to poison.
Your large and strong wings let you fly.
You resist negative energy. (rN+)
You are resistant to electric shocks. (rElec)
You are resistant to unholy torment.
You are immune to petrification.


   Skills:
 - Level 14.0(19.0) Fighting
 - Level 18.0(23.0) Axes
 - Level 6.4(11.4) Throwing
 + Level 13.7(18.7) Armour
 - Level 3.0(8.0) Dodging
 - Level 9.0(14.0) Shields
 - Level 10.0 Invocations


You had 15 spell levels left.
You didn't know any spells.
Your spell library was empty.

Inventory:

Hand Weapons
 z - a +0 hand axe of flaming
 Y - a +2 heavy broad axe (weapon)
Missiles
 y - 3 javelins
 D - 8 boomerangs (quivered)
Armour
 a - the +3 warlock's mirror (worn) {omnireflect}
   (You acquired it on level 1 of the Dungeon)

   Omnireflect: It can block and reflect piercing ranged attacks and magical
   attacks against the wielder's willpower.
 e - the +3 pair of gloves "Ogenwite" {-Tele rF+ Int+3 Dex+3}
   (You acquired it on level 6 of the Dungeon)

   Int:       It affects your intelligence (+3).
   Dex:       It affects your dexterity (+3).
   rF:        It protects you from fire.
   -Tele:     It prevents most forms of teleportation.
 g - +0 acid dragon scales
 k - a +2 helmet (worn)
 o - a +2 chain mail of fire resistance
 r - the +1 pair of boots of the Soldier (worn) {+Inv}
   (Okawaru gifted it to you on level 4 of the Lair of Beasts)

   +Inv:      It lets you turn invisible.
 s - a +2 pair of gloves (worn)
 u - a +3 plate armour of cold resistance (worn)
 B - a +1 cloak (worn)
Jewellery
 j - a ring of resist corrosion
 l - an amulet of reflection (around neck)
 t - a +5 ring of evasion (right hand)
 v - a ring of fire
 A - a +6 ring of strength (left hand)
 C - a ring of fire
Scrolls
 c - 3 scrolls of teleportation
 f - 8 scrolls of identify
Potions
 b - 6 potions of heal wounds
 d - 4 potions of might
 h - 3 potions of haste
 i - 2 potions of resistance
 m - 2 potions of cancellation
 n - 2 potions of attraction
 p - 2 potions of mutation
 q - 7 potions of enlightenment
 w - 6 potions of lignification
 x - 9 potions of curing

Dungeon Overview and Level Annotations

Branches:
Dungeon (15/15)            Temple (1/1) D:4            Lair (5/5) D:11
  Swamp (1/4) Lair:2       Spider (0/4) Lair:3        Slime (0/5) Lair:4
    Orc (2/2) D:10            Elf (0/3) Orc:2        Vaults (0/5) D:14
 Depths (0/4) D:15

Altars:
Ashenzari
Cheibriados
Dithmenos
Elyvilon
Fedhas
Gozag
Hepliaklqana
Kikubaaqudgha
Makhleb
Nemelex Xobeh
Okawaru
Qazlal
Ru
Sif Muna
Trog
Uskayaw
Vehumet
Wu Jian
Xom
Yredelemnul
Zin
The Shining One

Shops:
D:8 ?   Orc:1 [*   Orc:2 ([:*

Annotations:
D:2 1 runed translucent door, Crazy Yiuf
D:14 2 transporters, Pios Xaciraj's ghost, journeyman DgHW
Lair:5 1 runed translucent door


Message History

You block the swamp worm's attack.
You carve the swamp worm like a ham!!!
You kill the swamp worm!
Okawaru accepts your kill.
The goliath frog hits you but does no damage.
The spriggan rider hits you but does no damage.
The goliath frog hits you! The acid corrodes you!
You are splashed with acid!
An alligator comes into view.
The spriggan rider hits you with a +0 spear.
The goliath frog misses you.
You see here a bunyip corpse.
Enter note:
23311 ||| READING 4 scrolls of teleportation.
As you read the scroll of teleportation, it crumbles to dust.
You feel strangely unstable.
The spriggan rider hits you but does no damage.
The goliath frog completely misses you.
23312 ||| DRINKING 7 potions of heal wounds.
You feel much better. You block the goliath frog's attack.
The alligator bites you but does no damage.
You block the alligator's attack. The spriggan rider closely misses you.
You cut the spriggan rider into ribbons!!!
You kill the hornet!
Okawaru accepts your kill.
The spriggan falls from its now dead mount.
The spriggan is almost dead.
You closely miss the goliath frog. You hit the alligator.
You hear a deafening roar!
The goliath frog hits you.
You are splashed with acid!
The alligator puts on a burst of speed!
You block the spriggan's attack.
You closely miss the spriggan.
The spriggan is almost dead.
You completely miss the goliath frog. You hit the alligator but do no damage.
A bloated husk comes into view.
The goliath frog hits you!
You are splashed with acid!
The alligator bites you but does no damage.
The alligator tail-slaps you but does no damage.
You block the alligator's attack. The alligator tail-slaps you!
You die...

....>^.~~~~~~..
#......~~....~~~~..7
#......~~nD~.~~~..77
#..~~..¤..¤~.....77
#####..~~..~~~~~¤>...7
. #...)..~~.~~.~~
.#.......7~[..~.
..7~..F~i..~~~. 7.
7¤t@77....
..~7..7~~%...~~~.
..~)......~~.~..7
.~¤~7..~.~.~~.777 ..
77.~.~.~.77 7.~.~~~.7
77..~?.77 77..777 ...7


You could see an alligator (swift), a swamp dragon, a goliath frog, a bloated
husk and a spriggan.

Vanquished Creatures
  Saint Roka (Orc:2)
  A juggernaut zombie (D:15)
  2 bunyips (Swamp:1)
  An entropy weaver (shapeshifter) (D:15)
  Erolcha (D:13)
  4 hydras
  2 ogre magi (D:15)
  3 centaur warriors
  2 dancing weapons (D:14)
  17 two-headed ogres
  7 boulder beetles
  13 death yaks
  A tengu warrior (D:15)
  A vampire mage (D:15)
  4 orc high priests (Orc:2)
  2 skysharks
  2 skeletal warriors (D:15)
  3 lindwurms
  A wizard (D:14)
  4 orc knights
  A deep elf pyromancer (D:13)
  A necromancer (D:15)
  11 cyclopes
  5 orc sorcerers
  18 ugly things
  A manticore (D:15)
  12 elephants
  A frost giant skeleton (D:15)
  A moth of wrath (shapeshifter) (D:15)
  Maurice (D:13)
  5 torpor snails (Lair:5)
  A gargoyle (D:11)
  6 black mambas
  8 cane toads
  3 unseen horrors (D:12)
  3 kobold demonologists
  3 tengu conjurers
  5 komodo dragons
  7 trolls
  2 meliai (D:15)
  10 hornets
  A queen bee (shapeshifter) (D:15)
  11 polar bears
  26 blink frogs
  5 tyrant leeches
  A raiju (Lair:5)
  Sigmund (D:5)
  8 slime creatures (D:13)
  2 spriggans (Swamp:1)
  2 jumping spiders (Lair:3)
  A shadow (D:11)
  7 wyverns
  A wraith (D:12)
  47 yaks
  6 basilisks
  A steam dragon (D:9)
  A golden eye (shapeshifter) (D:13)
  20 vampire mosquitoes
  A redback (Lair:3)
  9 wargs
  4 acid dragons
  A swamp worm (Swamp:1)
  17 water moccasins
  A glowing shapeshifter zombie (D:15)
  A glowing shapeshifter skeleton (D:15)
  16 hell hounds (Lair:5)
  13 black bears
  2 ice beasts
  18 orc warriors
  A swamp drake (Swamp:1)
  4 sky beasts
  25 wolves
  7 ogres
  6 centaurs
  A phantom (D:5)
  5 kobold brigands
  Blork the orc (D:5)
  12 bullfrogs
  A gnoll sergeant (D:7)
  5 scorpions
  3 two-headed ogre simulacra (D:13)
  A cane toad simulacrum (D:13)
  10 wights
  9 killer bees (D:10)
  3 howler monkeys (D:10)
  4 hounds
  2 jellies
  28 orc priests
  4 gnoll boudas
  A sleepcap (D:8)
  Ijyb (D:5)
  Terence (D:3)
  5 iguanas (D:5)
  28 orc wizards
  A spriggan simulacrum (D:13)
  5 hell rats (Lair:5)
  2 troll simulacra (D:13)
  A wolf simulacrum (D:13)
  25 gnolls
  4 adders
  2 shadow imps
  A white imp (D:6)
  2 ufetubi (D:5)
  2 worms
  2 dart slugs
  69 orcs
  3 endoplasms
  A giant cockroach (D:4)
  8 goblins
  6 hobgoblins
  4 jackals (D:2)
  8 ball pythons
  3 frilled lizards
  20 kobolds
  6 rats
744 creatures vanquished.

Vanquished Creatures (others)
  A spriggan druid (Swamp:1)
  A meliai (D:15)
2 creatures vanquished.

Grand Total: 746 creatures vanquished

Notes
Turn   | Place    | Note
-------+----------+-------------------------------------------
     0 | D:1      | qw the Gargoyle Fighter began the quest for the Orb.
     0 | D:1      | Reached XP level 1. HP: 14/14 MP: 1/1
     0 | D:1      | 0 ||| qw: Version: 0.3-a-9-g12657ce
     0 | D:1      | 0 ||| qw: Game counter: 1510
     0 | D:1      | 0 ||| qw: Always use a shield: true
     0 | D:1      | 0 ||| qw: God list: Okawaru
     0 | D:1      | 0 ||| qw: Allow faded altars: false
     0 | D:1      | 0 ||| qw: Do Orc after D:15 true
     0 | D:1      | 0 ||| qw: Do second Lair branch before Depths: true
     0 | D:1      | 0 ||| qw: Lair rune preference: random
     0 | D:1      | 0 ||| qw: Plans: Normal, Zot:1-4, Slime:5, God:TSO, Crypt,
                  | Tomb, Abyss, Pan, Hells, Win
     0 | D:1      | 0 ||| PLANNING D:1-11
    43 | D:1      | Reached skill level 2 in Axes
   165 | D:1      | 165 ||| Stepping ~*~*~tactically~*~*~ (hiding).
   171 | D:1      | Reached XP level 2. HP: 19/19 MP: 2/2
   842 | D:1      | 842 ||| UPGRADING to +0 helmet.
   847 | D:1      | 847 ||| DROPPING ring of magical power.
   848 | D:1      | 848 ||| READING scroll labelled ILIURIUNUB.
   849 | D:1      | 849 ||| READING scroll labelled SOG KACEF ILA.
   849 | D:1      | Identified a scroll of acquirement
   849 | D:1      | 849 ||| ACQUIRING +3 warlock's mirror {omnireflect}
   849 | D:1      | Acquired the +3 warlock's mirror {omnireflect}
   849 | D:1      | Found the +3 warlock's mirror {omnireflect}
   851 | D:1      | 851 ||| UPGRADING to +3 warlock's mirror {omnireflect}.
   861 | D:1      | 861 ||| DROPPING +0 buckler.
   862 | D:1      | 862 ||| READING scroll labelled VYGI NODUEC.
   948 | D:2      | 948 ||| Stepping ~*~*~tactically~*~*~ (stealth).
  1120 | D:2      | Reached skill level 3 in Axes
  1189 | D:2      | Reached XP level 3. HP: 23/23 MP: 3/3
  1441 | D:2      | Reached skill level 1 in Throwing
  1453 | D:2      | Found a runed translucent door.
  1454 | D:2      | Noticed Crazy Yiuf
  1716 | D:2      | 1716 ||| UPGRADING to +0 chain mail.
  1726 | D:2      | 1726 ||| DROPPING +0 scale mail.
  1727 | D:2      | 1727 ||| DROPPING +2 scale mail of positive energy.
  1728 | D:2      | 1728 ||| READING scroll labelled YLYSHA EMIONN.
  1742 | D:2      | 1742 ||| READING 2 scrolls labelled XONIDA TUDUBER.
  1743 | D:2      | 1743 ||| READING scroll of enchant weapon.
  1743 | D:2      | 1743 ||| ENCHANTING +1 war axe.
  1874 | D:3      | 1874 ||| Stepping ~*~*~tactically~*~*~ (stealth).
  1875 | D:3      | 1875 ||| Stepping ~*~*~tactically~*~*~ (stealth).
  1876 | D:3      | 1876 ||| Stepping ~*~*~tactically~*~*~ (stealth).
  1939 | D:3      | Noticed Terence
  1946 | D:3      | Killed Terence
  1947 | D:3      | Reached XP level 4. HP: 28/28 MP: 4/4
  1972 | D:3      | 1972 ||| DROPPING +0 club.
  2363 | D:3      | 2363 ||| DROPPING ring of wizardry.
  2364 | D:3      | 2364 ||| UPGRADING to ring of see invisible.
  2365 | D:3      | 2365 ||| UPGRADING to +5 ring of evasion.
  2366 | D:3      | 2366 ||| READING scroll labelled XOC BOARYGEE.
  2367 | D:3      | 2367 ||| READING 2 scrolls labelled OROSASUEP.
  2368 | D:3      | 2368 ||| READING scroll of enchant armour.
  2368 | D:3      | 2368 ||| ENCHANTING +0 helmet.
  2369 | D:3      | 2369 ||| READING scroll labelled QALAECL BEHUAR.
  2370 | D:3      | 2370 ||| READING scroll labelled YRALAI AXZIN.
  2371 | D:3      | 2371 ||| DRINKING 3 white potions.
  2372 | D:3      | 2372 ||| DRINKING 2 dark potions.
  2373 | D:3      | 2373 ||| DROPPING 2 potions of invisibility.
  2395 | D:4      | Noticed a scorpion
  2405 | D:4      | Killed a scorpion
  2406 | D:4      | Reached skill level 4 in Axes
  2406 | D:4      | Reached XP level 5. HP: 31/32 MP: 5/5
  2424 | D:4      | 2424 ||| Stepping ~*~*~tactically~*~*~ (hiding).
  2817 | D:4      | Found a staircase to the Ecumenical Temple.
  2818 | D:4      | 2818 ||| PLANNING TEMPLE
  2873 | Temple   | Entered the Ecumenical Temple
  2891 | Temple   | 2891 ||| PLANNING OKAWARU WORSHIP
  2954 | Temple   | Became a worshipper of Warmaster Okawaru
  2955 | Temple   | 2955 ||| PLANNING D:1-11
  3162 | D:4      | 3162 ||| DRINKING 3 bubbling emerald potions.
  3163 | D:4      | 3163 ||| DRINKING 2 fuming yellow potions.
  3185 | D:5      | Entered Level 5 of the Dungeon
  3186 | D:5      | Noticed Sigmund
  3187 | D:5      | 3187 ||| Stepping ~*~*~tactically~*~*~ (hiding).
  3198 | D:5      | Killed Sigmund
  3199 | D:5      | Reached skill level 6 in Axes
  3199 | D:5      | Reached XP level 6. HP: 37/37 MP: 6/6
  3201 | D:5      | Noticed a black bear
  3208 | D:5      | Killed a black bear
  3208 | D:5      | Reached * piety under Okawaru
  3217 | D:5      | Noticed Blork the orc
  3218 | D:5      | 3218 ||| Stepping ~*~*~tactically~*~*~ (hiding).
  3219 | D:5      | 3219 ||| Stepping ~*~*~tactically~*~*~ (hiding).
  3221 | D:5      | 3221 ||| INVOKING Heroism.
  3227 | D:5      | Killed Blork the orc
  3228 | D:5      | Reached skill level 1 in Invocations
  3228 | D:5      | Reached XP level 7. HP: 38/44 MP: 4/7
  3232 | D:5      | Reached skill level 1 in Dodging
  3264 | D:5      | Noticed Ijyb
  3265 | D:5      | 3265 ||| Stepping ~*~*~tactically~*~*~ (stealth).
  3271 | D:5      | 3271 ||| INVOKING Heroism.
  3276 | D:5      | Killed Ijyb
  3368 | D:5      | Noticed a kobold demonologist
  3369 | D:5      | 3369 ||| Stepping ~*~*~tactically~*~*~ (stealth).
  3437 | D:5      | 3437 ||| READING scroll of acquirement.
  3437 | D:5      | 3437 ||| ACQUIRING +1 broad axe of freezing
  3437 | D:5      | Acquired a +1 broad axe of freezing
  3439 | D:5      | 3439 ||| SWAPPING to +1 broad axe of freezing.
  3440 | D:5      | 3440 ||| DROPPING +2 war axe.
  3568 | D:5      | 3568 ||| Stepping ~*~*~tactically~*~*~ (stealth).
  3569 | D:5      | 3569 ||| Stepping ~*~*~tactically~*~*~ (stealth).
  3570 | D:5      | 3570 ||| Stepping ~*~*~tactically~*~*~ (stealth).
  3605 | D:5      | Reached skill level 3 in Invocations
  3605 | D:5      | 3605 ||| INVOKING Heroism.
  3647 | D:5      | 3647 ||| INVOKING Heroism.
  3650 | D:5      | Reached XP level 8. HP: 48/48 MP: 7/11
  3712 | D:5      | 3712 ||| Stepping ~*~*~tactically~*~*~ (stealth).
  3721 | D:5      | Reached skill level 7 in Axes
  3996 | D:5      | 3996 ||| DROPPING amulet of magic regeneration.
  4029 | D:5      | 4029 ||| Stepping ~*~*~tactically~*~*~ (hiding).
  4030 | D:5      | 4030 ||| Stepping ~*~*~tactically~*~*~ (hiding).
  4037 | D:5      | Reached ** piety under Okawaru
  4113 | D:5      | 4113 ||| Stepping ~*~*~tactically~*~*~ (stealth).
  4116 | D:5      | 4116 ||| Stepping ~*~*~tactically~*~*~ (hiding).
  4121 | D:5      | Noticed a kobold demonologist
  4131 | D:5      | Noticed an orange demon
  4132 | D:5      | Killed a kobold demonologist
  4133 | D:5      | Reached skill level 3 in Throwing
  4139 | D:5      | Killed a kobold demonologist
  4140 | D:5      | Reached skill level 8 in Axes
  4140 | D:5      | Reached XP level 9. HP: 50/54 MP: 12/12
  4170 | D:6      | 4170 ||| Stepping ~*~*~tactically~*~*~ (hiding).
  4171 | D:6      | 4171 ||| Stepping ~*~*~tactically~*~*~ (hiding).
  4176 | D:6      | 4176 ||| Stepping ~*~*~tactically~*~*~ (stealth).
  4339 | D:6      | 4339 ||| Stepping ~*~*~tactically~*~*~ (hiding).
  4340 | D:6      | 4340 ||| Stepping ~*~*~tactically~*~*~ (hiding).
  4345 | D:6      | 4345 ||| INVOKING Heroism.
  4347 | D:6      | Reached skill level 6 in Fighting
  4372 | D:6      | 4372 ||| Stepping ~*~*~tactically~*~*~ (hiding).
  4373 | D:6      | 4373 ||| INVOKING Heroism.
  4437 | D:6      | 4437 ||| Stepping ~*~*~tactically~*~*~ (stealth).
  4442 | D:6      | 4442 ||| Stepping ~*~*~tactically~*~*~ (hiding).
  4558 | D:6      | 4558 ||| Stepping ~*~*~tactically~*~*~ (stealth).
  4560 | D:6      | 4560 ||| INVOKING Heroism.
  4577 | D:6      | 4577 ||| Stepping ~*~*~tactically~*~*~ (stealth).
  4578 | D:6      | 4578 ||| Stepping ~*~*~tactically~*~*~ (stealth).
  4591 | D:6      | 4591 ||| Stepping ~*~*~tactically~*~*~ (hiding).
  4621 | D:6      | 4621 ||| READING scroll of acquirement.
  4621 | D:6      | 4621 ||| ACQUIRING +3 pair of gloves "Ogenwite" {-Tele rF+
                  | Int+3 Dex+3}
  4621 | D:6      | Acquired the +3 pair of gloves "Ogenwite" {-Tele rF+ Int+3
                  | Dex+3}
  4622 | D:6      | 4622 ||| UPGRADING to +2 plate armour of cold resistance.
  4632 | D:6      | 4632 ||| DROPPING +0 chain mail.
  4868 | D:6      | 4868 ||| READING scroll labelled QUYNLYTZ ZUSTROCI.
  4869 | D:6      | 4869 ||| READING scroll labelled UBLEONOTAV.
  4870 | D:6      | 4870 ||| READING 2 scrolls of identify.
  4870 | D:6      | 4870 ||| IDENTIFYING clear potion
  4889 | D:7      | 4889 ||| Stepping ~*~*~tactically~*~*~ (hiding).
  4896 | D:7      | 4896 ||| INVOKING Heroism.
  4899 | D:7      | 4899 ||| Stepping ~*~*~tactically~*~*~ (hiding).
  4908 | D:7      | 4908 ||| Stepping ~*~*~tactically~*~*~ (stealth).
  4969 | D:7      | 4969 ||| INVOKING Heroism.
  4976 | D:7      | Reached skill level 9 in Axes
  5030 | D:7      | 5030 ||| Stepping ~*~*~tactically~*~*~ (hiding).
  5036 | D:7      | 5036 ||| INVOKING Heroism.
  5092 | D:7      | 5092 ||| Stepping ~*~*~tactically~*~*~ (stealth).
  5103 | D:7      | 5103 ||| Stepping ~*~*~tactically~*~*~ (stealth).
  5110 | D:7      | 5110 ||| Stepping ~*~*~tactically~*~*~ (hiding).
  5117 | D:7      | 5117 ||| Stepping ~*~*~tactically~*~*~ (hiding).
  5119 | D:7      | 5119 ||| Stepping ~*~*~tactically~*~*~ (hiding).
  5135 | D:7      | 5135 ||| Stepping ~*~*~tactically~*~*~ (hiding).
  5138 | D:7      | 5138 ||| Stepping ~*~*~tactically~*~*~ (hiding).
  5148 | D:7      | 5148 ||| Stepping ~*~*~tactically~*~*~ (hiding).
  5154 | D:7      | 5154 ||| INVOKING Heroism.
  5168 | D:7      | HP: 13/56 [orc warrior/+0 halberd (8)]
  5169 | D:7      | 5169 ||| READING 2 scrolls of teleportation.
  5170 | D:7      | 5170 ||| DRINKING 2 potions of heal wounds.
  5174 | D:7      | 5174 ||| INVOKING Heroism.
  5191 | D:7      | Reached *** piety under Okawaru
  5212 | D:7      | 5212 ||| FLEEEEING.
  5290 | D:7      | 5290 ||| READING scroll of enchant armour.
  5290 | D:7      | 5290 ||| ENCHANTING +1 helmet.
  5311 | D:7      | Reached XP level 10. HP: 63/63 MP: 13/13
  5323 | D:7      | Reached skill level 6 in Armour
  5356 | D:7      | 5356 ||| DROPPING +0 flail.
  5367 | D:7      | Identified the +10 hand axe of Falayrph {elec, +Blink Int-3
                  | SInv}
  5533 | D:7      | 5533 ||| UPGRADING to +0 pair of gloves.
  5538 | D:7      | 5538 ||| UPGRADING to amulet of reflection.
  5543 | D:7      | 5543 ||| READING 3 scrolls labelled XANGOI CANYCYIMM.
  5544 | D:7      | 5544 ||| DRINKING 2 sapphire potions.
  5545 | D:7      | 5545 ||| DRINKING potion of curing.
  5545 | D:7      | 5545 ||| (to cure confusion)
  5546 | D:7      | 5546 ||| DROPPING potion of ambrosia.
  5547 | D:7      | 5547 ||| DROPPING 2 scrolls of amnesia.
  5583 | D:8      | Received a gift from Okawaru
  5586 | D:8      | 5586 ||| READING scroll of acquirement.
  5586 | D:8      | 5586 ||| ACQUIRING ring of positive energy
  5586 | D:8      | Acquired a ring of positive energy
  5595 | D:8      | 5595 ||| Stepping ~*~*~tactically~*~*~ (hiding).
  5597 | D:8      | 5597 ||| Stepping ~*~*~tactically~*~*~ (stealth).
  5599 | D:8      | 5599 ||| INVOKING Heroism.
  5685 | D:8      | 5685 ||| FLEEEEING.
  5686 | D:8      | 5686 ||| FLEEEEING.
  5687 | D:8      | 5687 ||| FLEEEEING.
  5688 | D:8      | 5688 ||| FLEEEEING.
  5689 | D:8      | 5689 ||| FLEEEEING.
  5690 | D:8      | 5690 ||| FLEEEEING.
  5698 | D:8      | 5698 ||| INVOKING Heroism.
  5870 | D:8      | Found Ocih's Magic Scroll Shop.
  5885 | D:8      | 5885 ||| Stepping ~*~*~tactically~*~*~ (hiding).
  5887 | D:8      | 5887 ||| Stepping ~*~*~tactically~*~*~ (hiding).
  5896 | D:8      | 5896 ||| Stepping ~*~*~tactically~*~*~ (stealth).
  5898 | D:8      | 5898 ||| Stepping ~*~*~tactically~*~*~ (hiding).
  5903 | D:8      | 5903 ||| INVOKING Heroism.
  5936 | D:8      | 5936 ||| Stepping ~*~*~tactically~*~*~ (stealth).
  5937 | D:8      | 5937 ||| Stepping ~*~*~tactically~*~*~ (stealth).
  5938 | D:8      | 5938 ||| Stepping ~*~*~tactically~*~*~ (stealth).
  5939 | D:8      | 5939 ||| Stepping ~*~*~tactically~*~*~ (stealth).
  6046 | D:8      | Reached skill level 10 in Axes
  6163 | D:8      | 6163 ||| Stepping ~*~*~tactically~*~*~ (hiding).
  6177 | D:8      | Found a hide-covered altar of Uskayaw.
  6329 | D:8      | 6329 ||| READING 2 scrolls labelled IQUSAX PAXOREH.
  6330 | D:8      | 6330 ||| DRINKING 4 coppery potions.
  6331 | D:8      | 6331 ||| READING 2 scrolls of identify.
  6331 | D:8      | 6331 ||| IDENTIFYING bubbling golden potion
  6332 | D:8      | 6332 ||| DROPPING scroll of revelation.
  6396 | D:9      | 6396 ||| READING 2 scrolls of identify.
  6396 | D:9      | 6396 ||| IDENTIFYING amethyst potion
  6397 | D:9      | 6397 ||| DROPPING potion of degeneration.
  6516 | D:8      | 6516 ||| Stepping randomly (stuck).
  6596 | D:9      | 6596 ||| INVOKING Heroism.
  6700 | D:9      | 6700 ||| Stepping ~*~*~tactically~*~*~ (hiding).
  6716 | D:9      | 6716 ||| Stepping ~*~*~tactically~*~*~ (stealth).
  6719 | D:9      | 6719 ||| INVOKING Heroism.
  6752 | D:9      | 6752 ||| Stepping ~*~*~tactically~*~*~ (hiding).
  6753 | D:9      | 6753 ||| Stepping ~*~*~tactically~*~*~ (hiding).
  6755 | D:9      | 6755 ||| Stepping ~*~*~tactically~*~*~ (hiding).
  6802 | D:9      | 6802 ||| Stepping ~*~*~tactically~*~*~ (stealth).
  6960 | D:9      | 6960 ||| Stepping ~*~*~tactically~*~*~ (hiding).
  7087 | D:9      | Noticed a centaur warrior
  7087 | D:9      | Noticed a boulder beetle
  7088 | D:9      | 7088 ||| Stepping ~*~*~tactically~*~*~ (hiding).
  7098 | D:9      | 7098 ||| INVOKING Heroism.
  7100 | D:9      | Killed a centaur warrior
  7101 | D:9      | Reached skill level 6 in Shields
  7108 | D:9      | Killed a boulder beetle
  7108 | D:9      | Reached **** piety under Okawaru
  7173 | D:9      | 7173 ||| DROPPING ring of positive energy.
  7181 | D:8      | Received a gift from Okawaru
  7182 | D:8      | Reached XP level 11. HP: 68/68 MP: 14/14
  7185 | D:8      | 7185 ||| BUYING scroll of enchant armour (82 gold).
  7185 | D:8      | Bought a scroll of enchant armour for 82 gold pieces
  7185 | D:8      | 7185 ||| BUYING scroll of identify (22 gold).
  7185 | D:8      | Bought a scroll of identify for 22 gold pieces
  7185 | D:8      | 7185 ||| BUYING scroll of teleportation (33 gold).
  7185 | D:8      | Bought a scroll of teleportation for 33 gold pieces
  7185 | D:8      | 7185 ||| BUYING scroll of teleportation (33 gold).
  7185 | D:8      | Bought a scroll of teleportation for 33 gold pieces
  7185 | D:8      | 7185 ||| READING scroll of enchant armour.
  7185 | D:8      | 7185 ||| ENCHANTING +0 pair of gloves.
  7186 | D:8      | 7186 ||| READING 2 scrolls of identify.
  7186 | D:8      | 7186 ||| IDENTIFYING bubbling clear potion
  7401 | D:10     | Entered Level 10 of the Dungeon
  7407 | D:10     | 7407 ||| Stepping ~*~*~tactically~*~*~ (hiding).
  7477 | D:10     | 7477 ||| Stepping ~*~*~tactically~*~*~ (hiding).
  7516 | D:10     | Noticed a two-headed ogre
  7517 | D:10     | 7517 ||| Stepping ~*~*~tactically~*~*~ (stealth).
  7525 | D:10     | 7525 ||| INVOKING Heroism.
  7532 | D:10     | Killed a two-headed ogre
  7533 | D:10     | Reached skill level 11 in Axes
  7712 | D:10     | 7712 ||| Stepping ~*~*~tactically~*~*~ (stealth).
  7714 | D:10     | 7714 ||| Stepping ~*~*~tactically~*~*~ (hiding).
  7799 | D:10     | 7799 ||| DROPPING +4 flail.
  7801 | D:10     | Found a flagged portal.
  7804 | D:10     | 7804 ||| Stepping ~*~*~tactically~*~*~ (hiding).
  7945 | D:10     | Found a staircase to the Orcish Mines.
  8097 | D:10     | 8097 ||| READING scroll of enchant weapon.
  8097 | D:10     | 8097 ||| ENCHANTING +1 broad axe of venom.
  8192 | D:10     | 8192 ||| INVOKING Heroism.
  8423 | D:10     | 8423 ||| UPGRADING to +0 pair of boots.
  8471 | D:11     | Noticed a cyclops
  8472 | D:11     | 8472 ||| Stepping ~*~*~tactically~*~*~ (hiding).
  8474 | D:11     | 8474 ||| INVOKING Heroism.
  8480 | D:11     | Killed a cyclops
  8591 | D:11     | Reached skill level 6 in Invocations
  8686 | D:11     | 8686 ||| INVOKING Heroism.
  8712 | D:11     | Found a staircase to the Lair.
  8719 | D:11     | 8719 ||| Stepping ~*~*~tactically~*~*~ (water).
  8771 | D:11     | Reached skill level 9 in Fighting
  8809 | D:11     | Identified the ring "Tuebloeh" {Will+ Int+2}
  8857 | D:11     | Noticed a boulder beetle
  8858 | D:11     | 8858 ||| Stepping ~*~*~tactically~*~*~ (hiding).
  8859 | D:11     | 8859 ||| INVOKING Heroism.
  8860 | D:11     | 8860 ||| Stepping ~*~*~tactically~*~*~ (hiding).
  8861 | D:11     | 8861 ||| Stepping ~*~*~tactically~*~*~ (hiding).
  8862 | D:11     | 8862 ||| Stepping ~*~*~tactically~*~*~ (hiding).
  8875 | D:11     | Killed a boulder beetle
  8901 | D:11     | 8901 ||| Stepping ~*~*~tactically~*~*~ (stealth).
  8902 | D:11     | 8902 ||| FLEEEEING.
  8903 | D:11     | 8903 ||| FLEEEEING.
  8904 | D:11     | 8904 ||| FLEEEEING.
  8905 | D:11     | 8905 ||| FLEEEEING.
  8906 | D:11     | 8906 ||| FLEEEEING.
  8907 | D:11     | 8907 ||| FLEEEEING.
  8908 | D:11     | 8908 ||| FLEEEEING.
  8909 | D:11     | 8909 ||| STAIRDANCE
  8944 | D:10     | 8944 ||| DROPPING ring "Tuebloeh" {Will+ Int+2}.
  8964 | D:11     | 8964 ||| DROPPING +0 morningstar.
  8996 | D:11     | Noticed a cyclops
  8997 | D:11     | 8997 ||| INVOKING Heroism.
  9005 | D:11     | Killed a cyclops
  9031 | D:11     | Noticed a two-headed ogre
  9032 | D:11     | 9032 ||| Stepping ~*~*~tactically~*~*~ (stealth).
  9158 | D:11     | 9158 ||| Stepping ~*~*~tactically~*~*~ (stealth).
  9160 | D:11     | 9160 ||| Stepping ~*~*~tactically~*~*~ (hiding).
  9164 | D:11     | 9164 ||| Stepping ~*~*~tactically~*~*~ (hiding).
  9165 | D:11     | 9165 ||| Stepping ~*~*~tactically~*~*~ (hiding).
  9166 | D:11     | 9166 ||| Stepping ~*~*~tactically~*~*~ (hiding).
  9167 | D:11     | 9167 ||| INVOKING Heroism.
  9194 | D:11     | 9194 ||| Stepping ~*~*~tactically~*~*~ (stealth).
  9203 | D:11     | 9203 ||| Stepping ~*~*~tactically~*~*~ (stealth).
  9208 | D:11     | Noticed a soul eater
  9215 | D:11     | Reached XP level 12. HP: 76/76 MP: 18/18
  9325 | D:11     | Killed a two-headed ogre
  9431 | D:11     | 9431 ||| PLANNING LAIR
  9431 | D:11     | 9431 ||| READING scroll labelled CAACVE OKLU.
  9466 | Lair:1   | Entered Level 1 of the Lair of Beasts
  9493 | Lair:1   | Noticed a boulder beetle
  9494 | Lair:1   | 9494 ||| INVOKING Heroism.
  9502 | Lair:1   | Killed a boulder beetle
  9503 | Lair:1   | Reached skill level 12 in Axes
  9553 | Lair:1   | Reached skill level 9 in Invocations
  9689 | Lair:1   | 9689 ||| INVOKING Heroism.
  9695 | Lair:1   | Reached ***** piety under Okawaru
  9760 | Lair:1   | 9760 ||| Stepping ~*~*~tactically~*~*~ (stealth).
  9761 | Lair:1   | 9761 ||| Stepping ~*~*~tactically~*~*~ (stealth).
  9846 | Lair:1   | 9846 ||| INVOKING Heroism.
 10532 | Lair:1   | 10532 ||| Stepping ~*~*~tactically~*~*~ (stealth).
 11054 | Lair:1   | 11054 ||| READING 6 scrolls of identify.
 11054 | Lair:1   | 11054 ||| IDENTIFYING bubbling green potion
 11128 | Lair:2   | 11128 ||| Stepping ~*~*~tactically~*~*~ (stealth).
 11130 | Lair:2   | 11130 ||| Stepping ~*~*~tactically~*~*~ (stealth).
 11136 | Lair:2   | Reached skill level 9 in Armour
 11184 | Lair:2   | Found a staircase to the Swamp.
 11237 | Lair:2   | 11237 ||| INVOKING Heroism.
 11369 | Lair:2   | 11369 ||| INVOKING Heroism.
 11374 | Lair:2   | Noticed a skyshark
 11374 | Lair:2   | Noticed a seven-headed hydra
 11375 | Lair:2   | 11375 ||| INVOKING Finesse.
 11386 | Lair:2   | 11386 ||| SWAPPING to +0 hand axe of flaming.
 11398 | Lair:2   | Killed a skyshark
 11402 | Lair:2   | Killed a one-headed hydra
 11403 | Lair:2   | 11403 ||| SWAPPING to +2 broad axe of venom.
 11474 | Lair:2   | Noticed a death yak
 11475 | Lair:2   | 11475 ||| INVOKING Heroism.
 11476 | Lair:2   | 11476 ||| INVOKING Finesse.
 11480 | Lair:2   | Noticed a death yak
 11482 | Lair:2   | Noticed a death yak
 11484 | Lair:2   | Killed a death yak
 11484 | Lair:2   | Noticed a death yak
 11486 | Lair:2   | Noticed a death yak
 11492 | Lair:2   | Killed a death yak
 11503 | Lair:2   | Killed a death yak
 11511 | Lair:2   | Killed a death yak
 11511 | Lair:2   | Received a gift from Okawaru
 11512 | Lair:2   | Reached XP level 13. HP: 82/82 MP: 14/20
 11514 | Lair:2   | Reached skill level 13 in Axes
 11777 | Lair:2   | Identified the +1 leather armour of Beogh's Approval
                  | {Str+2}
 12400 | Lair:3   | 12400 ||| Stepping ~*~*~tactically~*~*~ (stealth).
 12402 | Lair:3   | 12402 ||| Stepping ~*~*~tactically~*~*~ (stealth).
 12512 | Lair:3   | 12512 ||| READING scroll of enchant armour.
 12512 | Lair:3   | 12512 ||| ENCHANTING +1 pair of gloves.
 12535 | Lair:3   | 12535 ||| Stepping ~*~*~tactically~*~*~ (stealth).
 12549 | Lair:3   | 12549 ||| Stepping ~*~*~tactically~*~*~ (stealth).
 12551 | Lair:3   | 12551 ||| Stepping ~*~*~tactically~*~*~ (stealth).
 12552 | Lair:3   | 12552 ||| Stepping ~*~*~tactically~*~*~ (stealth).
 12554 | Lair:3   | 12554 ||| Stepping ~*~*~tactically~*~*~ (stealth).
 12567 | Lair:3   | Found a hole to the Spider Nest.
 12612 | Lair:3   | You fall into a shaft and drop 2 floors!
 12612 | Lair:5   | Entered Level 5 of the Lair of Beasts
 12627 | Lair:5   | 12627 ||| INVOKING Heroism.
 12637 | Lair:5   | 12637 ||| READING 5 scrolls of identify.
 12637 | Lair:5   | 12637 ||| IDENTIFYING bubbling coppery potion
 12638 | Lair:5   | 12638 ||| DROPPING potion of berserk rage.
 12752 | Lair:4   | 12752 ||| INVOKING Heroism.
 12753 | Lair:4   | 12753 ||| Stepping ~*~*~tactically~*~*~ (stealth).
 12773 | Lair:4   | Reached skill level 14 in Axes
 12809 | Lair:4   | 12809 ||| INVOKING Heroism.
 12846 | Lair:4   | 12846 ||| Stepping ~*~*~tactically~*~*~ (stealth).
 12847 | Lair:4   | 12847 ||| Stepping ~*~*~tactically~*~*~ (stealth).
 12849 | Lair:4   | 12849 ||| Stepping ~*~*~tactically~*~*~ (stealth).
 12850 | Lair:4   | 12850 ||| Stepping ~*~*~tactically~*~*~ (stealth).
 12868 | Lair:4   | 12868 ||| Stepping ~*~*~tactically~*~*~ (stealth).
 12869 | Lair:4   | 12869 ||| Stepping ~*~*~tactically~*~*~ (stealth).
 12872 | Lair:4   | 12872 ||| Stepping ~*~*~tactically~*~*~ (stealth).
 12873 | Lair:4   | 12873 ||| Stepping ~*~*~tactically~*~*~ (stealth).
 12914 | Lair:4   | 12914 ||| Stepping ~*~*~tactically~*~*~ (stealth).
 12916 | Lair:4   | 12916 ||| INVOKING Heroism.
 12917 | Lair:4   | 12917 ||| INVOKING Finesse.
 12941 | Lair:4   | 12941 ||| Stepping ~*~*~tactically~*~*~ (stealth).
 12949 | Lair:4   | Received a gift from Okawaru
 12963 | Lair:4   | 12963 ||| INVOKING Heroism.
 12986 | Lair:4   | Identified the +1 pair of boots of the Soldier {+Inv}
                  | (Okawaru gifted it to you on level 4 of the Lair of Beasts)
 12986 | Lair:4   | Received a gift from Okawaru
 13200 | Lair:4   | 13200 ||| UPGRADING to +1 pair of boots of the Soldier
                  | {+Inv}.
 13210 | Lair:4   | 13210 ||| DROPPING +0 pair of boots.
 13299 | Lair:3   | 13299 ||| INVOKING Heroism.
 13881 | Lair:3   | 13881 ||| READING 5 scrolls of identify.
 13881 | Lair:3   | 13881 ||| IDENTIFYING glowing sapphire potion
 13882 | Lair:3   | 13882 ||| DROPPING potion of brilliance.
 13905 | Lair:4   | 13905 ||| INVOKING Heroism.
 13911 | Lair:4   | Gained mutation: Your large and strong wings let you fly.
                  | [Gargoyle growth]
 13911 | Lair:4   | Reached XP level 14. HP: 85/90 MP: 18/21
 13998 | Lair:4   | Found a shimmering altar of Xom.
 14083 | Lair:4   | Found a staircase to the Slime Pits.
 14307 | Lair:4   | Reached skill level 15 in Axes
 14618 | Lair:4   | 14618 ||| READING scroll labelled KABBYO MOHETT.
 14659 | Lair:5   | 14659 ||| FLEEEEING.
 14660 | Lair:5   | 14660 ||| FLEEEEING.
 14661 | Lair:5   | 14661 ||| STAIRDANCE
 14764 | Lair:5   | 14764 ||| INVOKING Heroism.
 14765 | Lair:5   | 14765 ||| INVOKING Finesse.
 14768 | Lair:5   | 14768 ||| Stepping ~*~*~tactically~*~*~ (stealth).
 14923 | Lair:5   | Reached skill level 12 in Fighting
 15129 | Lair:5   | 15129 ||| Stepping ~*~*~tactically~*~*~ (stealth).
 15131 | Lair:5   | 15131 ||| Stepping ~*~*~tactically~*~*~ (hiding).
 15132 | Lair:5   | 15132 ||| Stepping ~*~*~tactically~*~*~ (hiding).
 15133 | Lair:5   | 15133 ||| Stepping ~*~*~tactically~*~*~ (hiding).
 15179 | Lair:5   | 15179 ||| Stepping ~*~*~tactically~*~*~ (stealth).
 15184 | Lair:5   | 15184 ||| INVOKING Heroism.
 15202 | Lair:5   | 15202 ||| Stepping ~*~*~tactically~*~*~ (stealth).
 15206 | Lair:5   | 15206 ||| Stepping ~*~*~tactically~*~*~ (stealth).
 15217 | Lair:5   | 15217 ||| INVOKING Finesse.
 15228 | Lair:5   | 15228 ||| SWAPPING to +0 hand axe of flaming.
 15242 | Lair:5   | Received a gift from Okawaru
 15249 | Lair:5   | 15249 ||| SWAPPING to +2 broad axe of venom.
 15287 | Lair:5   | 15287 ||| Stepping ~*~*~tactically~*~*~ (stealth).
 15294 | Lair:5   | 15294 ||| INVOKING Heroism.
 15318 | Lair:5   | 15318 ||| Stepping ~*~*~tactically~*~*~ (stealth).
 15376 | Lair:5   | 15376 ||| INVOKING Heroism.
 15381 | Lair:5   | Received a gift from Okawaru
 15479 | Lair:5   | 15479 ||| Stepping ~*~*~tactically~*~*~ (stealth).
 15526 | Lair:5   | 15526 ||| Stepping ~*~*~tactically~*~*~ (stealth).
 15798 | Lair:5   | Found a runed translucent door.
 15800 | Lair:5   | 15800 ||| INVOKING Heroism.
 15843 | Lair:5   | Reached skill level 16 in Axes
 15845 | Lair:5   | 15845 ||| Stepping ~*~*~tactically~*~*~ (hiding).
 15861 | Lair:5   | 15861 ||| INVOKING Heroism.
 15906 | Lair:5   | Received a gift from Okawaru
 16007 | Lair:5   | 16007 ||| FLEEEEING.
 16009 | Lair:5   | 16009 ||| INVOKING Heroism.
 16026 | Lair:5   | Reached skill level 3 in Dodging
 16027 | Lair:5   | 16027 ||| Stepping ~*~*~tactically~*~*~ (stealth).
 16028 | Lair:5   | 16028 ||| Stepping ~*~*~tactically~*~*~ (stealth).
 16050 | Lair:5   | 16050 ||| Stepping ~*~*~tactically~*~*~ (stealth).
 16373 | Lair:5   | 16373 ||| PLANNING D
 16398 | Lair:5   | 16398 ||| PLANNING LAIR
 16419 | Lair:5   | 16419 ||| PLANNING D
 16480 | Lair:5   | 16480 ||| PLANNING LAIR
 16527 | Lair:5   | 16527 ||| PLANNING D
 16555 | Lair:5   | 16555 ||| PLANNING LAIR
 16585 | Lair:5   | 16585 ||| PLANNING D
 16619 | Lair:5   | 16619 ||| PLANNING LAIR
 16650 | Lair:5   | 16650 ||| PLANNING D
 16730 | Lair:5   | 16730 ||| PLANNING LAIR
 16806 | Lair:5   | 16806 ||| PLANNING D
 16850 | Lair:5   | 16850 ||| PLANNING LAIR
 16896 | Lair:5   | 16896 ||| PLANNING D
 16937 | Lair:5   | 16937 ||| PLANNING LAIR
 16980 | Lair:5   | 16980 ||| PLANNING D
 17049 | Lair:5   | 17049 ||| PLANNING LAIR
 17114 | Lair:5   | 17114 ||| PLANNING D
 17167 | Lair:5   | 17167 ||| PLANNING LAIR
 17222 | Lair:5   | 17222 ||| PLANNING D
 17292 | Lair:5   | 17292 ||| PLANNING LAIR
 17352 | Lair:5   | 17352 ||| Stepping randomly (stuck).
 17353 | Lair:5   | 17353 ||| PLANNING D
 17503 | D:12     | Reached XP level 15. HP: 92/96 MP: 22/22
 18155 | D:12     | 18155 ||| READING scroll of brand weapon.
 18155 | D:12     | 18155 ||| BRANDING +2 broad axe of venom.
 18287 | D:12     | 18287 ||| DROPPING +4 ring of protection.
 18288 | D:12     | 18288 ||| UPGRADING to +6 ring of strength.
 18290 | D:12     | 18290 ||| DROPPING ring of see invisible.
 18373 | D:13     | 18373 ||| INVOKING Heroism.
 18374 | D:13     | 18374 ||| INVOKING Finesse.
 18375 | D:13     | Noticed Erolcha
 18376 | D:13     | 18376 ||| SWAPPING to +0 hand axe of flaming.
 18388 | D:13     | 18388 ||| SWAPPING to +2 heavy broad axe.
 18393 | D:13     | Reached skill level 6 in Throwing
 18395 | D:13     | Killed Erolcha
 18514 | D:13     | 18514 ||| INVOKING Heroism.
 18690 | D:13     | Found a frozen archway.
 18816 | D:13     | 18816 ||| READING scroll of enchant armour.
 18816 | D:13     | 18816 ||| ENCHANTING +2 plate armour of cold resistance.
 18830 | D:13     | 18830 ||| INVOKING Heroism.
 18832 | D:13     | 18832 ||| READING 8 scrolls of teleportation.
 19176 | D:13     | 19176 ||| READING 7 scrolls of teleportation.
 19177 | D:13     | 19177 ||| INVOKING Heroism.
 19360 | D:13     | Noticed Maurice
 19367 | D:13     | Killed Maurice
 19428 | D:13     | 19428 ||| Stepping ~*~*~tactically~*~*~ (stealth).
 19430 | D:13     | 19430 ||| Stepping ~*~*~tactically~*~*~ (stealth).
 19436 | D:13     | 19436 ||| Stepping ~*~*~tactically~*~*~ (stealth).
 19442 | D:13     | 19442 ||| INVOKING Heroism.
 19472 | D:13     | 19472 ||| UPGRADING to +0 cloak.
 19477 | D:13     | 19477 ||| READING scroll labelled KELOC OJ UFF.
 19526 | D:14     | 19526 ||| Stepping ~*~*~tactically~*~*~ (hiding).
 19538 | D:14     | Reached skill level 12 in Armour
 19568 | D:14     | 19568 ||| Stepping ~*~*~tactically~*~*~ (hiding).
 19571 | D:14     | 19571 ||| Stepping ~*~*~tactically~*~*~ (hiding).
 19573 | D:14     | Found a gate to the Vaults.
 19577 | D:14     | 19577 ||| Stepping ~*~*~tactically~*~*~ (stealth).
 19580 | D:14     | 19580 ||| INVOKING Heroism.
 19631 | D:14     | 19631 ||| Stepping ~*~*~tactically~*~*~ (hiding).
 19779 | D:14     | Found a transporter.
 19780 | D:14     | Noticed Pios Xaciraj's ghost (journeyman DgHW)
 19794 | D:14     | Found a transporter.
 19798 | D:14     | Identified the ring "Hagam" {rPois Stlth+}
 19978 | D:14     | 19978 ||| Stepping ~*~*~tactically~*~*~ (hiding).
 19980 | D:14     | 19980 ||| Stepping ~*~*~tactically~*~*~ (hiding).
 19981 | D:14     | 19981 ||| Stepping ~*~*~tactically~*~*~ (hiding).
 19991 | D:14     | Reached skill level 17 in Axes
 20011 | D:14     | 20011 ||| Stepping ~*~*~tactically~*~*~ (stealth).
 20014 | D:14     | 20014 ||| Stepping ~*~*~tactically~*~*~ (stealth).
 20136 | D:14     | Received a gift from Okawaru
 20236 | D:14     | 20236 ||| DROPPING +2 helmet of intelligence.
 20237 | D:14     | 20237 ||| DROPPING ring "Hagam" {rPois Stlth+}.
 20238 | D:14     | 20238 ||| READING scroll labelled ZUCRAO GAMEUCH.
 20363 | D:15     | Entered Level 15 of the Dungeon
 20375 | D:15     | 20375 ||| INVOKING Heroism.
 20534 | D:15     | 20534 ||| READING scroll of acquirement.
 20534 | D:15     | 20534 ||| ACQUIRING 757 gold pieces
 20534 | D:15     | Acquired 757 gold pieces
 20546 | D:15     | Identified the +3 chain mail "Vod Ynk" {Fly}
 20589 | D:15     | 20589 ||| INVOKING Heroism.
 20617 | D:15     | 20617 ||| INVOKING Heroism.
 20629 | D:15     | Found a staircase to the Depths.
 20634 | D:15     | Reached XP level 16. HP: 88/104 MP: 23/23
 20743 | D:15     | 20743 ||| Stepping ~*~*~tactically~*~*~ (stealth).
 20762 | D:15     | 20762 ||| INVOKING Heroism.
 20839 | D:15     | Identified the +7 dagger "Beraweki" {freeze, +Blink rPois
                  | Str+2 Dex+4 Stlth+}
 20878 | D:15     | 20878 ||| Stepping ~*~*~tactically~*~*~ (hiding).
 20879 | D:15     | 20879 ||| Stepping ~*~*~tactically~*~*~ (hiding).
 20885 | D:15     | Identified the +0 robe of Howling Wind {Drain rF+ rN++
                  | Slay+2} (Okawaru gifted it to you on level 15 of the
                  | Dungeon)
 20885 | D:15     | Received a gift from Okawaru
 20886 | D:15     | 20886 ||| Stepping ~*~*~tactically~*~*~ (hiding).
 21065 | D:15     | 21065 ||| PLANNING ORC
 21065 | D:15     | 21065 ||| DROPPING +3 chain mail "Vod Ynk" {Fly}.
 21066 | D:15     | 21066 ||| READING 8 scrolls of identify.
 21066 | D:15     | 21066 ||| IDENTIFYING viscous emerald potion
 21193 | Orc:1    | Entered Level 1 of the Orcish Mines
 21194 | Orc:1    | 21194 ||| INVOKING Heroism.
 21271 | Orc:1    | Found Myoczutiqu's Antique Armour Emporium.
 21279 | Orc:1    | 21279 ||| BUYING runed chain mail (187 gold).
 21279 | Orc:1    | Bought a runed chain mail for 187 gold pieces
 21279 | Orc:1    | Found Wouriytu's Distillery.
 21320 | Orc:1    | 21320 ||| BUYING potion of cancellation (88 gold).
 21320 | Orc:1    | Bought a potion of cancellation for 88 gold pieces
 21320 | Orc:1    | 21320 ||| BUYING potion of curing (33 gold).
 21320 | Orc:1    | Bought a potion of curing for 33 gold pieces
 21320 | Orc:1    | 21320 ||| BUYING potion of enlightenment (55 gold).
 21320 | Orc:1    | Bought a potion of enlightenment for 55 gold pieces
 21320 | Orc:1    | 21320 ||| BUYING potion of heal wounds (55 gold).
 21320 | Orc:1    | Bought a potion of heal wounds for 55 gold pieces
 21320 | Orc:1    | 21320 ||| BUYING potion of heal wounds (55 gold).
 21320 | Orc:1    | Bought a potion of heal wounds for 55 gold pieces
 21320 | Orc:1    | 21320 ||| BUYING potion of heal wounds (55 gold).
 21320 | Orc:1    | Bought a potion of heal wounds for 55 gold pieces
 21320 | Orc:1    | 21320 ||| BUYING potion of mutation (88 gold).
 21320 | Orc:1    | Bought a potion of mutation for 88 gold pieces
 21320 | Orc:1    | 21320 ||| BUYING potion of resistance (110 gold).
 21320 | Orc:1    | Bought a potion of resistance for 110 gold pieces
 21325 | Orc:1    | 21325 ||| INVOKING Heroism.
 21494 | Orc:1    | 21494 ||| Stepping ~*~*~tactically~*~*~ (hiding).
 21495 | Orc:1    | 21495 ||| Stepping ~*~*~tactically~*~*~ (hiding).
 21499 | Orc:1    | 21499 ||| Stepping ~*~*~tactically~*~*~ (hiding).
 21503 | Orc:1    | 21503 ||| INVOKING Heroism.
 21616 | Orc:1    | Reached skill level 18 in Axes
 21622 | Orc:1    | 21622 ||| Stepping ~*~*~tactically~*~*~ (stealth).
 21629 | Orc:1    | 21629 ||| FLEEEEING.
 21630 | Orc:1    | 21630 ||| FLEEEEING.
 21631 | Orc:1    | 21631 ||| FLEEEEING.
 21632 | Orc:1    | 21632 ||| FLEEEEING.
 21634 | Orc:1    | 21634 ||| FLEEEEING.
 21635 | Orc:1    | 21635 ||| FLEEEEING.
 21636 | Orc:1    | 21636 ||| FLEEEEING.
 21637 | Orc:1    | 21637 ||| FLEEEEING.
 21638 | Orc:1    | 21638 ||| FLEEEEING.
 21639 | Orc:1    | 21639 ||| FLEEEEING.
 21641 | Orc:1    | 21641 ||| FLEEEEING.
 21642 | Orc:1    | 21642 ||| FLEEEEING.
 21643 | Orc:1    | 21643 ||| FLEEEEING.
 21644 | Orc:1    | 21644 ||| FLEEEEING.
 21645 | Orc:1    | 21645 ||| FLEEEEING.
 21646 | Orc:1    | 21646 ||| FLEEEEING.
 21694 | Orc:1    | 21694 ||| INVOKING Heroism.
 21863 | Orc:2    | Entered Level 2 of the Orcish Mines
 21864 | Orc:2    | 21864 ||| PLANNING GAUNTLET
 21864 | Orc:2    | Found a staircase to the Elven Halls.
 21878 | Orc:2    | 21878 ||| Stepping ~*~*~tactically~*~*~ (stealth).
 21891 | Orc:2    | 21891 ||| FLEEEEING.
 21892 | Orc:2    | 21892 ||| FLEEEEING.
 21893 | Orc:2    | 21893 ||| FLEEEEING.
 21894 | Orc:2    | 21894 ||| FLEEEEING.
 21895 | Orc:2    | 21895 ||| FLEEEEING.
 21896 | Orc:2    | 21896 ||| FLEEEEING.
 21897 | Orc:2    | 21897 ||| FLEEEEING.
 21898 | Orc:2    | 21898 ||| STAIRDANCE
 21955 | Orc:2    | 21955 ||| INVOKING Heroism.
 21959 | Orc:2    | Reached skill level 9 in Shields
 21993 | Orc:2    | 21993 ||| INVOKING Heroism.
 21994 | Orc:2    | 21994 ||| Stepping ~*~*~tactically~*~*~ (hiding).
 21995 | Orc:2    | Noticed Saint Roka
 22013 | Orc:2    | Killed Saint Roka
 22274 | Orc:2    | 22274 ||| INVOKING Heroism.
 22302 | Orc:2    | HP: 24/105 [orc high priest/divine providence (10)]
 22303 | Orc:2    | 22303 ||| READING 7 scrolls of teleportation.
 22304 | Orc:2    | 22304 ||| DRINKING 9 potions of heal wounds.
 22305 | Orc:2    | 22305 ||| INVOKING Heroism.
 22391 | Orc:2    | 22391 ||| Stepping ~*~*~tactically~*~*~ (stealth).
 22392 | Orc:2    | 22392 ||| Stepping ~*~*~tactically~*~*~ (stealth).
 22394 | Orc:2    | 22394 ||| INVOKING Heroism.
 22396 | Orc:2    | 22396 ||| Stepping ~*~*~tactically~*~*~ (hiding).
 22397 | Orc:2    | 22397 ||| Stepping ~*~*~tactically~*~*~ (hiding).
 22415 | Orc:2    | 22415 ||| RIP GAUNTLET
 22420 | Orc:2    | 22420 ||| PLANNING ORC
 22435 | Orc:2    | 22435 ||| Stepping ~*~*~tactically~*~*~ (hiding).
 22444 | Orc:2    | 22444 ||| INVOKING Heroism.
 22447 | Orc:2    | 22447 ||| Stepping ~*~*~tactically~*~*~ (hiding).
 22460 | Orc:2    | HP: 16/106 [orc priest/divine providence (14)]
 22461 | Orc:2    | 22461 ||| READING 6 scrolls of teleportation.
 22462 | Orc:2    | 22462 ||| DRINKING 8 potions of heal wounds.
 22472 | Orc:2    | 22472 ||| FLEEEEING.
 22473 | Orc:2    | 22473 ||| FLEEEEING.
 22476 | Orc:2    | 22476 ||| STAIRDANCE
 22477 | Orc:1    | Found Lusustem's General Store.
 22478 | Orc:1    | 22478 ||| INVOKING Heroism.
 22673 | Orc:1    | 22673 ||| BUYING potion of lignification (45 gold).
 22673 | Orc:1    | Bought a potion of lignification for 45 gold pieces
 22673 | Orc:1    | 22673 ||| BUYING scroll of enchant armour (112 gold).
 22673 | Orc:1    | Bought a scroll of enchant armour for 112 gold pieces
 22673 | Orc:1    | 22673 ||| READING scroll of enchant armour.
 22673 | Orc:1    | 22673 ||| ENCHANTING +0 cloak.
 22755 | Orc:2    | 22755 ||| INVOKING Heroism.
 22859 | Orc:2    | Found Wamov's Antique Armour Boutique.
 22859 | Orc:2    | Found Saceef's Weapon Boutique.
 22860 | Orc:2    | Found Poptaxopt's Book Shop.
 22864 | Orc:2    | Found Qapsesenn's General Store.
 22867 | Orc:2    | 22867 ||| BUYING glowing cloak (202 gold).
 22867 | Orc:2    | Bought a glowing cloak for 202 gold pieces
 22867 | Orc:2    | 22867 ||| BUYING shiny plate armour (702 gold).
 22867 | Orc:2    | Bought a shiny plate armour for 702 gold pieces
 22868 | Orc:2    | 22868 ||| BUYING potion of heal wounds (65 gold).
 22868 | Orc:2    | Bought a potion of heal wounds for 65 gold pieces
 22868 | Orc:2    | 22868 ||| BUYING scroll of identify (26 gold).
 22868 | Orc:2    | Bought a scroll of identify for 26 gold pieces
 23163 | Orc:2    | 23163 ||| PLANNING SWAMP:1-3
 23163 | Orc:2    | 23163 ||| DROPPING +1 cloak.
 23164 | Orc:2    | 23164 ||| DROPPING +3 plate armour of poison resistance.
 23283 | Swamp:1  | Entered Level 1 of the Swamp
 23284 | Swamp:1  | 23284 ||| INVOKING Heroism.
 23289 | Swamp:1  | 23289 ||| SWAPPING to +0 hand axe of flaming.
 23294 | Swamp:1  | 23294 ||| SWAPPING to +2 heavy broad axe.
 23299 | Swamp:1  | HP: 21/106 [bunyip (9)]
 23300 | Swamp:1  | 23300 ||| READING 5 scrolls of teleportation.
 23301 | Swamp:1  | 23301 ||| DRINKING 8 potions of heal wounds.
 23310 | Swamp:1  | HP: 21/106 [goliath frog (10)]
 23310 | Swamp:1  | HP: 9/106 [spriggan rider/+0 spear (4)]
 23311 | Swamp:1  | 23311 ||| READING 4 scrolls of teleportation.
 23312 | Swamp:1  | 23312 ||| DRINKING 7 potions of heal wounds.
 23314 | Swamp:1  | HP: 3/106 [acid (9)]
 23314 | Swamp:1  | Slain by an alligator

Levels and vault maps discovered:
D:1:      minmay_arrival_floating_metal, layout_loops_ring,
          minmay_misc_feat_diagonals
D:2:      layout_loops_ring, uniq_crazy_yiuf_cottage
D:3:      layout_rooms, uniq_terence
D:4:      layout_basic, minmay_temple_entry_trees
D:5:      layout_loops_cross, kennysheep_generic_room_6, uniq_blork_the_orc,
          uniq_sigmund, uniq_ijyb
D:6:      layout_basic
D:7:      layout_rooms
D:8:      layout_loops_ring, nicolae_uskayaw_suspiria, serial_shops,
          nicolae_take_the_stairs
D:9:      layout_loops_ring, glass_columns_b, minmay_shattered_shrine
D:10:     hellmonk_ruined_rings, layout_rooms, orc_0_dummy, enter_bailey_3,
          reono_crystal_passage, nicolae_kite_square_tiling_tiny
D:11:     nicolae_hitomezashi [nicolae_hito_row, nicolae_hito_row,
          nicolae_hito_row, nicolae_hito_row, nicolae_hito_row,
          nicolae_hito_row, nicolae_hito_row, nicolae_hito_row,
          nicolae_hito_row, nicolae_hito_row, nicolae_hito_row,
          nicolae_hito_row, nicolae_hito_row, nicolae_hito_row,
          nicolae_hito_row, nicolae_hito_row, nicolae_hito_row,
          nicolae_hito_row], layout_basic, minmay_lair_entry_grove
D:12:     layout_grid_maze, serial_park_tiny_pond
D:13:     layout_irregular_city, portal_ice_cave_entry_ice_simulacra,
          uniq_erolcha, uniq_maurice
D:14:     layout_roguey, erik_vaults_1, gammafunk_ghost_arena
D:15:     gammafunk_depths_entry_grave, layout_cave_pools,
          minmay_misc_feat_doors, minmay_fractal_squares_gapless_5
Temple:   grunt_wide_crystal_templ
Lair:1:   layout_layer_cave, dreamdust_gnoll_shepherd
Lair:2:   layout_layer_cave, minmay_swamp_entry_swarm, enter_volcano_2,
          serial_bayou_shore_b, grunt_megastairs_1
Lair:3:   layout_loops_ring, spider_nest_entry_a
Lair:4:   layout_cave_pods, slime_entry_1, chequers_serial_rivers_marsh,
          lemuel_centaur_altar, lemuel_fruit_fields, grunt_megastairs_3
Lair:5:   hangedman_lair_caniforms_friends, layout_big_grid, wormcave,
          serial_bayou_shore_b
Swamp:1:  layout_falls_marsh, hangedman_swamp_ruin_wall,
          infiniplex_staircase_pool, uniq_mlioglotl
Orc:1:    layout_caves, serial_shops, shop, nicolae_diamond_shop,
          nicolae_shop_waterfront, hellmonk_guarded_unrand_dark_maul
Orc:2:    st_orc_mages, layout_caves, gauntlet_entry_generic, uniq_saint_roka

Skill      XL: |  1  2  3  4  5  6  7  8  9 10 11 12 13 14 15 16 |
---------------+-------------------------------------------------+-----
Axes           | 2 3 4 6 8 9 10 11 12 14 16 17 18 | 18.0
Throwing       | 1 3 4 5 6 |  6.4
Fighting       | 4 5 7 8 9 10 11 12 13 14 | 14.0
Invocations    | 1 4 8 10 | 10.0
Dodging        | 1 2 3 |  3.0
Armour         | 5 7 8 9 10 11 13 | 13.7
Shields        | 4 6 7 8 9 |  9.0

Action                     |  1- 3 |  4- 6 |  7- 9 | 10-12 | 13-15 | 16-18 || total
---------------------------+-------+-------+-------+-------+-------+-------++-------
  Melee: War axe           |    52 |    50 |    15 |       |       |       ||   117
         Broad axe         |       |       |   250 |   532 |   863 |   183 ||  1828
         Hand axe          |       |       |       |    16 |    31 |     4 ||    51
  Throw: Javelin           |    38 |    18 |    38 |    51 |   160 |    33 ||   338
         Boomerang         |       |       |     6 |   106 |   167 |     5 ||   284
 Invoke: Heroism           |       |     1 |    11 |    19 |    23 |    14 ||    68
         Finesse           |       |       |       |     2 |     4 |       ||     6
    Use: Scroll            |     6 |     5 |     7 |    10 |    11 |     6 ||    45
         Potion            |       |     4 |     1 |     3 |       |     4 ||    12
   Stab: Petrified         |       |       |       |       |     5 |       ||     5
         Distracted        |       |       |       |       |     1 |       ||     1
         Paralysed         |       |       |       |       |     1 |       ||     1
         Confused          |       |       |       |       |       |     1 ||     1
 Armour: Scale mail        |    13 |       |       |       |       |       ||    13
         Chain mail        |       |    15 |    74 |       |       |       ||    89
         Plate armour      |       |       |    32 |   212 |   314 |    68 ||   626
  Dodge: Dodged            |    17 |    30 |   124 |   215 |   301 |    83 ||   770
  Block: Buckler           |    17 |    16 |    90 |   323 |   509 |   121 ||  1076
         Reflection        |       |     1 |     7 |    18 |    32 |     6 ||    64

Table legend:
 A = Non-vault XP
 B = Vault XP
 C = Vault XP percentage of total XP
 D = Non-vault monster count
 E = Vault monster count
 F = Vault count percentage of total count
                 A         B        C        D         E       F
            +---------+---------+-------+---------+---------+-------
      Total |  107111 |   57639 |  35.0 |     525 |     220 |  29.5
            +---------+---------+-------+---------+---------+-------
        D:1 |      13 |       0 |   0.0 |      10 |       0 |   0.0
        D:2 |      33 |       0 |   0.0 |      18 |       0 |   0.0
        D:3 |      23 |      36 |  61.0 |      12 |       1 |   7.7
        D:4 |     143 |       0 |   0.0 |       7 |       0 |   0.0
        D:5 |    1839 |     403 |  18.0 |      22 |       6 |  21.4
        D:6 |     677 |       0 |   0.0 |      29 |       0 |   0.0
        D:7 |    1689 |       0 |   0.0 |      44 |       0 |   0.0
        D:8 |    1336 |       0 |   0.0 |      30 |       0 |   0.0
        D:9 |     445 |    2711 |  85.9 |      14 |       8 |  36.4
       D:10 |    2597 |       7 |   0.3 |      32 |       4 |  11.1
       D:11 |    4682 |    3048 |  39.4 |      22 |      13 |  37.1
       D:12 |    4544 |       0 |   0.0 |      19 |       0 |   0.0
       D:13 |    8804 |    1789 |  16.9 |      20 |      10 |  33.3
       D:14 |   11540 |    1654 |  12.5 |      26 |       2 |   7.1
       D:15 |   18491 |    7160 |  27.9 |      31 |      12 |  27.9
     Lair:1 |    4909 |     665 |  11.9 |      19 |       4 |  17.4
     Lair:2 |    2751 |    6936 |  71.6 |       7 |      16 |  69.6
     Lair:3 |    5052 |     629 |  11.1 |      26 |       3 |  10.3
     Lair:4 |   12907 |    2387 |  15.6 |      33 |      10 |  23.3
     Lair:5 |   13179 |   16678 |  55.9 |      52 |      74 |  58.7
    Swamp:1 |    5043 |       0 |   0.0 |      11 |       0 |   0.0
      Orc:1 |    2811 |    4116 |  59.4 |      16 |       6 |  27.3
      Orc:2 |    3603 |    9420 |  72.3 |      25 |      51 |  67.1
            +---------+---------+-------+---------+---------+-------
